 Dungeon Crawl Stone Soup version 0.31-a0-620-gd1cbd99268 (webtiles) character file.

Game seed: 2475874145101818683

1102946 holysushi the Planerender (level 27, -37/134 HPs)
             Began as a Felid Summoner on Aug 21, 2023.
             Was a Follower of Uskayaw.
             Annihilated by a doom hound (42 damage)
             ... on level 5 of Tartarus on Aug 24, 2023.
             The game lasted 06:34:24 (144796 turns).

holysushi the Planerender (Felid Summoner)        Turns: 144796, Time: 06:34:25

Health: -37/134    AC:  5    Str:  7      XL:     27
Magic:  16/53      EV: 65    Int: 18 (22) God:    Uskayaw [*.....]
Gold:   13050      SH:  0    Dex: 37      Spells: 24/76 levels left
                                        Lives:  0   Deaths: 11

rFire   . .          .
                       - Unarmed
rCold   + + .        (shield unavailable)
rNeg    + + +        (body armour unavailable)
rPois   ∞            (helmet unavailable)
rElec   .            (cloak unavailable)
rCorr   .            (gloves unavailable)
SInv    +            (boots unavailable)
Will    ++...        G - amulet of magic regeneration
Stlth   ++++++++     C - +6 ring of dexterity
HPRegen 0.42/turn    Y - ring "Zofumol" {Str+3 Dex+6}
MPRegen 0.73/turn

%: no passive effects
@: death-form, on dragon call cooldown, weak-willed, quick
A: vile attack, torment immunity, no potions, very small, claws 1, fangs 3, see
invisible, speed 1, shaggy fur 3, stealthy paws, no weapons or thrown items, no
armour, multi-lived, iridescent scales 1
}: 11/15 runes: decaying, serpentine, slimy, silver, golden, abyssal, demonic,
glowing, magical, fiery, dark
a: Siphon Essence, Begin Untransformation, Renounce Religion, Stomp


You were on level 5 of Tartarus.
You worshipped Uskayaw.
Uskayaw was most pleased with you.
You were an undying horror.
You visited 14 branches of the dungeon, and saw 60 of its levels.
You visited Pandemonium 2 times, and saw 23 of its levels.
You visited the Abyss 17 times.
You also visited: Gauntlet.

You collected 15671 gold pieces.
You spent 2621 gold pieces at shops.

Inventory:

Jewellery
 C - a +6 ring of dexterity (left paw)
 D - the ring of Shadows {Umbra +Inv Stlth+}
   (You found it in a Gauntlet)

   [ring of stealth]

   Umbra:     It surrounds you with an aura of shadow, increasing your stealth
   and reducing the accuracy of all others within it.
   +Inv:      It lets you turn invisible.
   Stlth+:    It makes you more stealthy.
 G - an amulet of magic regeneration (around neck)
 J - the ring "Biwixoos" {rPois rF+ Str-5 Int+5 Dex+6}
   (You found it on level 10 of the Dungeon)

   [ring of dexterity]

   Str-5:     It affects your strength (-5).
   Int+5:     It affects your intelligence (+5).
   Dex+6:     It affects your dexterity (+6).
   rF+:       It protects you from fire.
   rPois:     It protects you from poison
 U - the ring "Toif" {rElec rC+++ MP+9 Dex-5}
   (You found it on level 1 of the Swamp)

   [ring of magical power]

   Dex-5:     It affects your dexterity (-5).
   rC+++:     It renders you almost immune to cold.
   rElec:     It insulates you from electricity.
   MP+9:      It affects your magic capacity (+9).
 Y - the ring "Zofumol" (right paw) {Str+3 Dex+6}
   (You took it off an orc knight on level 5 of the Vaults)

   [ring of dexterity]

   Str+3:     It affects your strength (+3).
   Dex+6:     It affects your dexterity (+6).
Talismans
 O - a maw talisman
 P - a granite talisman
 T - a dragon-blood talisman
 W - a talisman of death (active)
Wands
 r - a wand of flame (81)
 s - a wand of polymorph (50)
 u - a wand of roots (76)
 v - a wand of digging (7)
 w - a wand of charming (80)
 B - a wand of acid (41)
 N - a wand of mindburst (69)
Scrolls
 a - 5 scrolls of fog
 b - 3 scrolls of blinking
 e - 17 scrolls of poison
 h - 3 scrolls of torment
 j - 5 scrolls of immolation
 k - 5 scrolls of teleportation
 l - 10 scrolls of noise
 p - 10 scrolls of fear
 q - 3 scrolls of silence
 x - 6 scrolls of revelation
 M - 12 scrolls of vulnerability
 V - 5 scrolls of amnesia
Potions
 c - 14 potions of enlightenment
 f - 8 potions of attraction
 g - 9 potions of heal wounds
 i - 10 potions of brilliance
 m - 30 potions of curing
 n - 4 potions of cancellation
 o - 11 potions of might
 t - 2 potions of invisibility
 E - 3 potions of resistance
 F - 15 potions of lignification
 H - 10 potions of mutation
 K - 5 potions of haste
 L - 7 potions of berserk rage
 Q - 3 potions of ambrosia
 S - 9 potions of magic
Miscellaneous
 d - a figurine of a ziggurat
 y - a phantom mirror
 z - the horn of Geryon
 R - a lightning rod (4/4)
 X - a box of beasts
 Z - a phial of floods


   Skills:
 - Level 20.0 Fighting
 O Level 27 Dodging
 - Level 19.1 Stealth
 - Level 20.8 Unarmed Combat
 + Level 25.0 Spellcasting
 - Level 5.0 Conjurations
 - Level 5.0 Hexes
 O Level 27 Summonings
 - Level 23.3 Translocations
 - Level 2.0 Air Magic
 - Level 5.0 Earth Magic
 - Level 19.8 Invocations
 - Level 5.0 Evocations
 - Level 23.0 Shapeshifting


You had 24 spell levels left.
You knew the following spells:

 Your Spells              Type           Power      Damage    Failure   Level
a - Spellforged Servitor  Conj/Summ      34%        N/A       1%          7
b - Monstrous Menagerie   Summ           44%        N/A       1%          7
c - Manifold Assault      Tloc           82%        N/A       0%          4
d - Dragon's Call         Summ           44%        N/A       2%          9
e - Haunt                 Necr/Summ      31%        N/A       5%          7
f - Summon Hydra          Summ           44%        N/A       1%          7
g - Leda's Unmaking       Conj/Erth      20%        9d4       32%         6
h - Summon Mana Viper     Hex/Summ       69%        N/A       1%          5

Your spell library contained the following spells:

 Spells                   Type           Power      Damage    Failure   Level
 Summon Small Mammal      Summ           100%       N/A       0%          1
 Blink                    Tloc           100%       N/A       0%          2
 Call Imp                 Summ           100%       N/A       0%          2
 Lesser Beckoning         Tloc           100%       N/A       0%          2
 Momentum Strike          Conj/Tloc      100%       3d10      0%          2
 Call Canine Familiar     Summ           88%        N/A       0%          3
 Gell's Gravitas          Tloc           82%        N/A       0%          3
 Summon Guardian Golem    Hex/Summ       69%        N/A       0%          3
 Teleport Other           Tloc           82%        N/A       0%          3
 Passage of Golubria      Tloc           82%        N/A       0%          4
 Summon Forest            Summ/Tloc      42%        N/A       0%          5
 Summon Cactus Giant      Summ           44%        N/A       0%          6
 Foxfire                  Conj/Fire      100%       2x1d9     1%          1
 Magic Dart               Conj           100%       1d8       1%          1
 Necrotise                Necr           88%        1d8       1%          1
 Sandblast                Erth           80%        2d17      1%          1
 Slow                     Hex            100%       N/A       1%          1
 Sting                    Tmut/Pois      88%        1d7       1%          1
 Cigotuvi's Dreadful Rot  Necr/Pois/Air  48%        N/A       1%          2
 Ensorcelled Hibernation  Hex/Ice        62%        N/A       1%          2
 Passwall                 Tmut/Erth      25%        N/A       1%          2
 Poisonous Vapours        Pois/Air       52%        N/A       1%          2
 Searing Ray              Conj           80%        2d7       1%          2
 Static Discharge         Conj/Air       70%        2-5/arc   1%          2
 Confusing Touch          Hex            40%        N/A       1%          3
 Dazzling Flash           Conj/Hex       80%        N/A       1%          3
 Hailstorm                Conj/Ice       31%        3d8       1%          3
 Inner Flame              Hex/Fire       31%        N/A       1%          3
 Stone Arrow              Conj/Erth      80%        3d12      1%          3
 Tukima's Dance           Hex            40%        N/A       1%          3
 Vhi's Electric Charge    Tloc/Air       100%       N/A       1%          3
 Volatile Blastmotes      Fire/Tloc      100%       2d18      1%          3
 Iskenderun's Mystic Bla  Conj/Tloc      65%        2d13      1%          4
 Summon Ice Beast         Ice/Summ       63%        N/A       1%          4
 Summon Lightning Spire   Summ/Air       65%        N/A       1%          4
 Dispersal                Tloc           41%        N/A       1%          6
 Disjunction              Tloc           41%        N/A       1%          8
 Scorch                   Fire           44%        2d6       2%          2
 Sublimation of Blood     Necr           22%        N/A       2%          2
 Wereblood                Tmut           22%        N/A       2%          2
 Swiftness                Air            29%        N/A       2%          3
 Cause Fear               Hex            20%        N/A       2%          4
 Fulminant Prism          Conj/Hex       20%        3d12      2%          4
 Leda's Liquefaction      Hex/Erth       20%        N/A       2%          4
 Ignite Poison            Fire/Tmut/Pois 22%        N/A       4%          3
 Ozocubu's Armour         Ice            22%        N/A       4%          3
 Vampiric Draining        Necr           22%        2d7       4%          3
 Anguish                  Hex/Necr       15%        N/A       6%          4
 Petrify                  Tmut/Erth      31%        N/A       6%          4
 Sticky Flame             Conj/Fire      31%        2d5       6%          4
 Iskenderun's Battlesphe  Conj           40%        2d9       6%          5
 Lee's Rapid Deconstruct  Erth           20%        3d12*     6%          5
 Arcjolt                  Conj/Air       17%        1d27      11%         5
 Silence                  Hex/Air        17%        N/A       11%         5
 Animate Dead             Necr           22%        N/A       17%         4
 Dispel Undead            Necr           22%        3d12      17%         4
 Olgreb's Toxic Radiance  Pois           22%        N/A       17%         4
 Borgnjor's Vile Clutch   Necr/Erth      15%        N/A       17%         5
 Fireball                 Conj/Fire      15%        3d8       17%         5
 Irradiate                Conj/Tmut      15%        3d16      17%         5
 Metabolic Englaciation   Hex/Ice        15%        N/A       17%         5
 Yara's Violent Unravell  Hex/Tmut       15%        3d8       17%         5
 Freezing Cloud           Conj/Ice/Air   15%        6-21      19%         5
 Agony                    Necr           22%        N/A       43%         5
 Alistair's Intoxication  Tmut/Pois      14%        N/A       43%         5
 Conjure Ball Lightning   Conj/Air       17%        3x3d6     52%         6
 Starburst                Conj/Fire      15%        6d6       67%         6
 Plasma Beam              Fire/Air       13%        2x1d24    86%         6
 Enfeeble                 Hex            20%        N/A       88%         7
 Orb of Destruction       Conj           20%        9d8       88%         7
 Death Channel            Necr           11%        N/A       95%         6
 Eringya's Noxious Bog    Tmut/Pois      11%        4d6       95%         6
 Simulacrum               Ice/Necr       11%        N/A       95%         6
 Ozocubu's Refrigeration  Ice            11%        4d9       100%        7
 Borgnjor's Revivificati  Necr           11%        N/A       100%        8
 Discord                  Hex            20%        N/A       100%        8
 Ignition                 Fire           11%        3d5       100%        8
 Infestation              Necr           11%        N/A       100%        8
 Lehudib's Crystal Spear  Conj/Erth      20%        10d6      100%        8
 Maxwell's Capacitive Co  Air            14%        ∞         100%        8
 Chain Lightning          Conj/Air       17%        3d23      100%        9
 Death's Door             Necr           11%        N/A       100%        9
 Fire Storm               Conj/Fire      15%        8d4       100%        9
 Polar Vortex             Ice            11%        12d1*     100%        9
 Shatter                  Erth           20%        3d18*     100%        9
 Portal Projectile        Hex/Tloc       Unusable   N/A       N/A         3
 Animate Armour           Summ/Erth      Unusable   N/A       N/A         4

Dungeon Overview and Level Annotations

Branches:
Dungeon (15/15) Zot: 23961  Temple (1/1) D:4 Zot: 5995    Lair (5/5) D:10 Zot: 22163
  Swamp (4/4) Lair:2 Zot: 20534   Snake (4/4) Lair:2 Zot: 23602   Slime (5/5) Lair:5 Zot: 24999
    Orc (2/2) D:10 Zot: 9897     Elf (3/3) Orc:2 Zot: 18651  Vaults (5/5) D:14 Zot: 23222
  Crypt (3/3) Vaults:3 Zot: 13432    Tomb (3/3) Crypt:3 Zot: 14874  Depths (4/4) D:15 Zot: 14968
   Hell (visited)             Dis (0/7) Hell            Geh (0/7) Hell
    Coc (0/7) Hell            Tar (5/7) Hell Zot: 26901     Zot (0/5) Depths:4
Gauntlet (visited)

Altars:
Ashenzari
Cheibriados
Dithmenos
Elyvilon
Fedhas
Gozag
Hepliaklqana
Kikubaaqudgha
Makhleb
Nemelex Xobeh
Okawaru
Qazlal
Ru
Sif Muna
Trog
Uskayaw
Vehumet
Wu Jian
Xom
Yredelemnul
Zin
The Shining One
Jiyva

Shops:
D:4 :   D:6 :   D:9 :   Orc:2 !:!*!   Elf:3 *   Snake:2 [   Vaults:2 *
Vaults:4 (   Depths:3 *[[[

Portals:
Hell: Depths:1 Depths:2 Depths:3 Depths:4
Abyss: Depths:1 Depths:2 Depths:3 Depths:4
Pandemonium: Depths:2
Ziggurat: Depths:2

Annotations:
D:3 exclusion: downstairs
D:5 exclusion: downstairs
D:6 exclusion: 2 downstairs
D:7 Joseph
D:8 exclusion: downstairs
Lair:1 2 transporters, exclusion: oklob plant, Dittersdorf's ghost, journeyman GrFi
Vaults:1 2 transporters, Woitib's ghost, adept GrFE
Vaults:2 2 transporters


Innate Abilities, Weirdness & Mutations

You are an undying horror.
Your melee and unarmed attacks drain, slow and weaken victims.
You are immune to unholy pain and torment.
You cannot drink.
You are immune to poison.
You have sharp claws.
You have razor-sharp teeth.
You have supernaturally acute eyesight. (SInv)
You cover ground quickly. (Speed+)
Your thick and shaggy fur keeps you warm. (AC +3, rC+)
Your paws help you pounce on unaware monsters.
You are incapable of wielding weapons or throwing items.
You cannot wear armour.
You gain extra lives every three experience levels.
You are partially covered in iridescent scales. (AC +2)


Message History

The reaper completely misses you.
The Executioner completely misses your storm dragon.
The Executioner hits your storm dragon but does no damage.
The Executioner barely misses your storm dragon.
The Executioner hits your storm dragon!
Your storm dragon dies!
Your storm dragon's corpse disappears in a puff of smoke!
The tainted leviathan attempts to bespell you!
You resist with almost no effort.
A tormentor comes into view.
You can no longer pass through a line of other dancers.
The tormentor calls on the powers of darkness!
You feel a surge of unholy energy.
A Tzitzimitl comes into view.
The Tzitzimitl gestures at you.
You convulse!
* * * LOW HITPOINT WARNING * * *
The Executioner misses you.
The Executioner completely misses you. x2
A putrid mouth comes into view.
The Executioner completely misses you. The Executioner barely misses you.
The Executioner closely misses you.
The doom hound attacks as it pursues you!
The doom hound completely misses you. x2
The infernal howling subsides.
The Executioner completely misses you. x3
The doom hound attacks as it pursues you!
The doom hound completely misses you. x2
The Executioner hits you!!
* * * LOW HITPOINT WARNING * * *
The Executioner completely misses you.
The Executioner hits you but does no damage.
The putrid mouth howls a warning cry!
The Executioner completely misses you. x3
You hear a shout!
The Executioner completely misses you. x3
The Executioner hits you but does no damage.
The Executioner completely misses you. x2
The doom hound attacks as it pursues you!
The doom hound bites you!!!
You die...

#..D......# #.h.......#
#.........# #........#
#.^....∩# . # .#......#
... ..
#########...###8....
#.###..#....#......'...L.
#.#....#.....#z..###Z....
#.....###....1h..# ...
#..... #...1....# .
#....#####......##
#....2..2.......##
##..C###.....W.......##
##..# ####...........##
#§2# #..#.........# #1.##
...##.......°##.


You could see a doom hound, a Tzitzimitl, a reaper, a putrid mouth (catching
breath) and an Executioner (summoned, fast).

Vanquished Creatures
  Cerebov (Pan)
  the Royal Jelly (Slime:5)
  Lom Lobon (Pan)
  Mnoleg (Pan)
  15 royal mummies
  2 pandemonium lords (Pan)
  Geryon (Hell)
  2 profane servitors
  2 bone dragons
  3 Tzitzimimeh
  3 Brimstone Fiends (Pan)
  3 doom hounds
  5 Ice Fiends (Pan)
  2 tainted leviathans
  Murray (Depths:1)
  An ancient champion (Tomb:3)
  5 acid blobs (Slime:5)
  4 tentacled starspawn
  12 Executioners (Pan)
  7 azure jellies (Slime:5)
  A revenant (Crypt:1)
  A fire giant (Depths:3)
  6 demonspawn warmongers (Pan)
  A deep elf sorcerer (Elf:3)
  16 balrugs (Pan)
  A curse skull (Pan)
  8 cacodemons (Pan)
  A spriggan defender (Depths:4)
  2 demonspawn blood saints (Pan)
  5 demonspawn corrupters (Pan)
  5 quicksilver oozes (Slime:5)
  5 reapers
  3 very ugly things (Pan)
  A juggernaut skeleton (Tomb:1)
  A draconian annihilator (Pan)
  6 demonspawn black suns (Pan)
  7 putrid mouths
  3 bennus (Tomb:3)
  16 lorocyprocas
  An eidolon (Tar:2)
  3 starcursed masses (Abyss:3)
  2 iron golems (Hell)
  13 green deaths
  10 mummy priests
  12 blizzard demons
  A spectral spriggan (Tar:3)
  A great orb of eyes (Abyss:2)
  A rakshasa (Abyss:2)
  A spriggan zombie (Tomb:1)
  A hydra (Swamp:3)
  4 nameless horrors
  A spectral stone giant (Tar:2)
  A hell hog (Abyss:3)
  3 thrashing horrors
  50 soul eaters
  2 holy swine (Pan)
  33 demonic crawlers
  10 sixfirhies (Pan)
  72 sun demons
  2 skeletal warriors (Tomb:3)
  6 wretched stars
  4 shadow demons (Pan)
  37 large abominations
  A glowing orange brain (Pan)
  A wizard (Pan)
  A lindwurm (Vaults:3)
  A phantasmal warrior (Crypt:1)
  An anaconda skeleton (Pan)
  2 ugly things (Pan)
  A worldbinder (Abyss:2)
  A molten gargoyle (Hell)
  An apocalypse crab (Abyss:2)
  3 rust devils
  40 smoke demons
  A centaur skeleton (Pan)
  A cane toad (Lair:1)
  4 hellions (Pan)
  16 orange demons (Pan)
  A freezing wraith (Hell)
  3 unseen horrors
  12 guardian mummies
  7 efreet
  An ice devil (Pan)
  20 tormentors
  4 red devils (Pan)
  2 spectral harpies (Tar:2)
  24 hellwings
  A silent spectre (Abyss:2)
  A blink frog (Abyss:2)
  A raiju (Abyss:2)
  3 hydra skeletons
  An iron dragon simulacrum (Tomb:3)
  A water elemental (Hell)
  5 flying skulls
  7 ushabtiu
  31 ynoxinuls (Pan)
  A black mamba skeleton (Pan)
  8 neqoxecs
  A sea snake simulacrum (Hell)
  31 chaos spawn (Pan)
  A naga zombie (Tomb:1)
  A hell hound (Abyss:3)
  A naga skeleton (Pan)
  A hydra simulacrum (Hell)
  5 small abominations
  A quasit (Abyss:2)
  An iron imp (Pan)
  A hound (D:5)
  7 mummies
  A white imp (Abyss:2)
  An orc (D:10)
  A ball python (D:1)
  A bat (D:1)
  A frilled lizard (D:3)
  A kobold (D:3)
  An orc zombie (Crypt:1)
  A rat (D:1)
  2 lurking horrors (Abyss:2)
  A starspawn tentacle (Abyss:3)
703 creatures vanquished.

Vanquished Creatures (collateral kills)
  Gloorx Vloq (Pan)
  Ignacio (Pan)
  12 pandemonium lords (Pan)
  4 dread liches
  3 ancient liches
  Mennas (Vaults:2)
  Khufu (Tomb:3)
  A juggernaut (Depths:3)
  Sojobo (Vaults:2)
  15 royal mummies
  A shard shrike (shapeshifter) (Vaults:1)
  2 caustic shrikes (Depths:3)
  Saint Roka (Snake:2)
  Frederick (Crypt:1)
  4 golden dragons
  Nikola (Vaults:1)
  Norris (Vaults:2)
  A profane servitor (Abyss:2)
  Jory (Vaults:5)
  8 bone dragons
  8 doom hounds
  9 Tzitzimimeh
  5 tentacled monstrosities
  16 Brimstone Fiends (Pan)
  Rupert (D:14)
  8 Ice Fiends (Pan)
  6 Hell Sentinels (Pan)
  13 liches
  3 tainted leviathans
  32 acid blobs
  8 deep elf blademasters
  2 deep elf master archers (Elf:3)
  2 walking divine tomes (Depths:3)
  Grunn (Depths:2)
  A walking frostbound tome (Depths:3)
  8 titans
  10 sphinxes
  28 Executioners
  8 ancient champions
  21 tentacled starspawn
  Kirke (Snake:1)
  5 storm dragons
  8 tengu reavers
  5 shadow dragons
  2 thorn hunters
  Roxanne (Snake:2)
  A fenstrider witch (Swamp:1)
  A revenant (Crypt:3)
  Donald (Snake:3)
  9 fire giants
  6 nagarajas (Snake:4)
  16 vault wardens
  25 rockslimes
  A draconian scorcher (Abyss:2)
  15 demonspawn warmongers (Pan)
  The ghost of Kyhiruh the Brawler, a journeyman DrSh of Okawaru (Snake:3)
  21 azure jellies
  5 iron dragons
  8 frost giants
  Louise (Depths:2)
  8 deep elf sorcerers
  8 deep elf elementalists
  24 balrugs
  2 curse skulls
  A spectral caustic shrike (Tar:2)
  A draconian stormcaller (Depths:4)
  4 spriggan defenders
  16 quicksilver oozes
  28 cacodemons
  An angel (Pan)
  9 ghouls
  12 ironbound preservers
  8 demonspawn blood saints (Pan)
  2 caustic shrike skeletons
  8 stone giants
  3 war gargoyles
  6 formless jellyfish
  44 reapers
  5 deep elf demonologists
  4 ironbound thunderhulks
  13 demonspawn corrupters (Pan)
  29 very ugly things
  2 ophanim (Abyss:3)
  A draconian annihilator (Depths:4)
  A red draconian (Depths:4)
  8 vampire knights
  A black draconian (Depths:4)
  14 demonspawn black suns (Pan)
  Nessos (Orc:2)
  7 eleionomae
  6 bunyips
  A green draconian (Depths:4)
  2 purple draconians
  21 lorocyprocas
  A spectral titan (Tar:1)
  A white draconian (Abyss:3)
  2 yellow draconians (Depths:4)
  7 putrid mouths
  15 bennus
  7 deep elf annihilators
  A minotaur (Gauntlet)
  A spark wasp (shapeshifter) (Vaults:5)
  4 spark wasps
  6 dire elephants
  A merfolk javelineer (Abyss:3)
  4 eidola
  9 deep elf death magi
  3 iron golems (Hell)
  2 crystal guardians
  21 green deaths (Pan)
  12 mummy priests
  8 ettins
  A merfolk impaler (Depths:1)
  22 jiangshi (Crypt:3)
  2 shambling mangroves (Swamp:4)
  13 fire dragons
  9 great orbs of eyes
  4 deep elf high priests
  15 blizzard demons
  An entropy weaver (Vaults:3)
  A spriggan zombie (Abyss:3)
  9 yaktaur captains
  12 rakshasas
  A salamander tyrant (Snake:4)
  A fenstrider witch zombie (Crypt:1)
  A kraken zombie (Hell)
  4 spriggan air magi
  31 vault guards
  23 hydras
  A quicksilver dragon skeleton (Tomb:2)
  Harold (D:10)
  8 ice dragons
  4 hell beasts
  A jorogumo (shapeshifter) (Elf:2)
  4 peacekeepers
  A fenstrider witch skeleton (Crypt:2)
  7 anacondas
  2 boulder beetles (D:13)
  4 catoblepae
  9 alligators
  7 ironbound frosthearts
  3 ogre magi
  2 juggernaut simulacra (Pan)
  6 spriggan skeletons
  7 two-headed ogres
  2 deep troll shamans
  11 centaur warriors
  6 death knights
  36 dancing weapons
  4 ghost crabs
  A spectral stone giant (Tar:1)
  4 hell hogs
  An azure jelly zombie (Crypt:2)
  11 naga warriors
  3 death yaks (Lair:5)
  6 vampire magi
  26 thrashing horrors
  A quicksilver ooze zombie (Crypt:1)
  6 deep troll earth magi
  54 demonic crawlers (Pan)
  8 spriggan berserkers
  4 tengu warriors
  4 shock serpents
  The ghost of arthad the Covert, a journeyman SpEn of Gozag (D:10)
  4 holy swine (Pan)
  9 naga sharpshooters
  5 orc high priests
  66 soul eaters
  An emperor scorpion zombie (Tomb:2)
  99 sun demons
  A titan zombie (Abyss:2)
  21 hell knights
  20 deep elf knights
  9 shadow wraiths
  A storm dragon zombie (Crypt:2)
  4 skysharks
  17 wretched stars
  38 sixfirhies
  8 iron trolls
  A storm dragon skeleton (Vaults:3)
  A spectral anaconda (Tar:2)
  A goliath frog (shapeshifter) (Elf:3)
  40 skeletal warriors
  2 salamander mystics
  A goliath frog (Swamp:4)
  8 flayed ghosts
  A steelbarb worm (shapeshifter) (D:13)
  12 glowing orange brains
  14 shadow demons (Pan)
  7 naga ritualists
  4 spriggan druids
  A bunyip skeleton (Pan)
  4 bog bodies
  38 deep trolls
  12 swamp dragons
  18 deep elf archers
  6 phantasmal warriors
  A lindwurm (shapeshifter) (Vaults:1)
  An obsidian statue (D:15)
  A spriggan simulacrum (Crypt:3)
  35 deep elf pyromancers
  3 anaconda skeletons
  A spectral hydra (Tar:5)
  5 harpies (Vaults:2)
  9 necromancers
  11 lindwurms
  An iron giant skeleton (Crypt:2)
  9 wizards
  4 orc knights
  27 deep elf zephyrmancers
  5 mana vipers
  16 ironbound convokers
  A tengu skeleton (Vaults:3)
  4 orc sorcerers
  A spectral ettin (Tar:3)
  3 cyclopes
  2 spectral centaurs (Tar:1)
  9 salamanders
  2 shining eyes
  53 ugly things
  A shining eye (shapeshifter) (Vaults:5)
  2 will-o-the-wisps
  2 oklob plants
  10 worldbinders
  7 ice statues
  7 manticores
  A black mamba (shapeshifter) (Vaults:5)
  7 human skeletons
  9 rust devils
  A fire giant skeleton (Vaults:3)
  3 stone giant skeletons
  A frost giant skeleton (Vaults:3)
  A centaur zombie (Crypt:1)
  Maurice (D:9)
  5 elephants (Lair:5)
  13 naga magi
  2 molten gargoyles (Hell)
  23 black mambas
  2 guardian serpents (Snake:4)
  5 apocalypse crabs
  12 vault sentinels
  9 eyes of devastation
  A gargoyle (D:10)
  A torpor snail (Lair:1)
  11 cane toads
  20 hellions
  A centaur skeleton (Pan)
  104 smoke demons
  46 orange demons
  4 unseen horrors
  14 yaktaurs
  42 tormentors
  A spectral mana viper (Snake:3)
  A cane toad (shapeshifter) (Vaults:1)
  A swamp worm zombie (Crypt:1)
  8 komodo dragons
  8 efreet
  17 freezing wraiths
  29 ancient zymes
  3 tengu conjurers
  An anaconda simulacrum (Snake:3)
  A pale draconian skeleton (Crypt:1)
  3 rime drakes
  11 red devils (Pan)
  6 ice devils (Pan)
  A sea snake skeleton (Crypt:1)
  2 yaktaur skeletons (Vaults:3)
  29 guardian mummies
  A troll (shapeshifter) (Elf:3)
  2 hydra zombies
  17 hellwings
  A white draconian skeleton (Crypt:2)
  A spectral harpy (Tar:3)
  An alligator simulacrum (Hell)
  6 trolls
  10 polar bears
  4 tyrant leeches
  28 hornets
  A hornet (shapeshifter) (D:14)
  58 raiju
  A wind drake (shapeshifter) (D:14)
  2 harpy skeletons (Abyss:2)
  A stone giant simulacrum (Crypt:3)
  9 dream sheep (Lair:5)
  A snapping turtle (shapeshifter) (D:10)
  21 blink frogs
  105 slime creatures
  A satyr skeleton (Crypt:2)
  A shadow (Crypt:3)
  60 flying skulls
  14 wraiths
  A jumping spider (Vaults:5)
  A shock serpent simulacrum (Snake:3)
  88 ynoxinuls
  4 air elementals
  36 spriggans
  12 water elementals
  2 fire bats (Abyss:2)
  57 small abominations
  A dire elephant simulacrum (Abyss:3)
  3 vampires
  4 wyverns
  4 naga simulacra (Snake:3)
  A wind drake zombie (Crypt:2)
  5 fire elementals
  49 starcursed masses
  40 yaks
  13 ushabtiu
  A golden eye (shapeshifter) (D:13)
  5 basilisks
  3 hogs (Snake:1)
  27 vampire mosquitoes
  38 neqoxecs
  6 golden eyes
  A steam dragon (D:8)
  104 large abominations
  A basilisk (shapeshifter) (D:13)
  5 redbacks
  72 chaos spawn
  4 wargs
  49 nagas
  24 swamp worms
  An acid dragon (D:11)
  A faun zombie (Crypt:1)
  14 water moccasins
  6 hell hounds
  2 floating eyes
  A swamp worm (shapeshifter) (D:15)
  6 swamp drakes
  Duvessa (D:6)
  3 spectral nagas
  A fire bat skeleton (Crypt:1)
  11 ice beasts
  4 naga skeletons
  A glowing shapeshifter skeleton (Vaults:3)
  A swamp drake (shapeshifter) (Vaults:5)
  A demonspawn skeleton (Crypt:2)
  3 black bears
  A sky beast (D:8)
  27 orc warriors
  2 black mamba simulacra (Snake:3)
  A black bear (shapeshifter) (Vaults:5)
  45 wolves
  A blink frog skeleton (Crypt:2)
  5 boggarts
  9 ogres
  22 centaurs
  A phantom (D:4)
  21 nameless horrors
  An earth elemental (Elf:3)
  A bullfrog (shapeshifter) (Abyss:2)
  11 bullfrogs
  7 necrophages
  A gnoll sergeant (D:10)
  13 wights
  A scorpion (D:5)
  Dowan (D:6)
  3 killer bees (D:10)
  3 howler monkeys
  9 quasits
  13 jellies
  3 hounds
  A human zombie (Crypt:1)
  3 gnoll boudas
  11 orc priests
  2 sleepcaps
  Crazy Yiuf (D:3)
  8 iron imps
  4 hell rats
  Natasha (thrice) (D:3)
  5 iguanas
  21 orc wizards
  32 mummies
  A howler monkey zombie (Crypt:2)
  12 gnolls
  5 adders
  A steam dragon zombie (Crypt:1)
  2 shadow imps
  7 white imps
  9 ufetubi
  A worm (shapeshifter) (Depths:1)
  2 worms
  5 dart slugs
  87 orcs
  9 endoplasms
  3 giant cockroaches
  6 goblins
  2 hobgoblins
  7 jackals
  8 kobolds
  3 quokkas
  6 ball pythons
  3 bats
  2 frilled lizards (D:2)
  4 rats
  A spectral orc (D:7)
  3 butterflies (Lair:1)
  7 lurking horrors
  16 starspawn tentacles
  2 tentacles (Hell)
3935 creatures vanquished.

Vanquished Creatures (others)
  2 eldritch tentacles (Pan)
  A tentacled starspawn (Abyss:3)
  A balrug (Pan)
  A cacodemon (Pan)
  4 demonspawn blood saints (Pan)
  An orc warlord (Orc:2)
  A blizzard demon (Abyss:2)
  A rakshasa (Pan)
  A centaur warrior (D:14)
  A shock serpent (Snake:4)
  A thrashing horror (Abyss:2)
  A soul eater (Pan)
  A sixfirhy (Pan)
  An anaconda skeleton (Abyss:3)
  An orc knight (Orc:2)
  A deep elf archer (Elf:3)
  A deep elf zephyrmancer (Elf:1)
  An orc sorcerer (Pan)
  A smoke demon (Pan)
  A rust devil (Pan)
  A hellion (Pan)
  A tormentor (Pan)
  A polar bear (Lair:5)
  A hellwing (Pan)
  2 large abominations
  A ynoxinul (Pan)
  A spriggan (Swamp:2)
  A chaos spawn (Pan)
  A hell hound (Abyss:2)
  A water moccasin (Lair:5)
  A centaur (D:10)
  A white imp (Abyss:3)
  3 ball lightnings (Pan)
  4 foxfires
  A spectral weapon (Pan)
  46 starspawn tentacles
  5 tentacles (Hell)
96 creatures vanquished.

Grand Total: 4734 creatures vanquished

Notes
Turn   | Place    | Note
-------+----------+-------------------------------------------
     0 | D:1      | holysushi the Felid Summoner began the quest for the Orb.
     0 | D:1      | Reached XP level 1. HP: 7/7 MP: 4/4
   392 | D:1      | Reached XP level 2. HP: 12/12 MP: 3/6
   909 | D:1      | Reached skill level 1 in Fighting
  1434 | D:2      | Learned a level 2 spell: Call Imp
  1765 | D:2      | Reached XP level 3. HP: 16/16 MP: 3/7
  2050 | D:2      | Learned a level 3 spell: Call Canine Familiar
  3059 | D:3      | Found a runed translucent door.
  3060 | D:3      | Noticed Crazy Yiuf
  3268 | D:3      | Reached XP level 4. HP: 19/19 MP: 6/8
  3731 | D:3      | Noticed Natasha
  3753 | D:3      | Killed Natasha
  3754 | D:3      | Reached skill level 5 in Summonings
  4422 | D:3      | Noticed Natasha
  4570 | D:3      | Killed Natasha
  4571 | D:3      | Reached XP level 5. HP: 22/22 MP: 1/9
  4590 | D:3      | Noticed Natasha
  5244 | D:3      | Killed Natasha
  5793 | D:3      | Killed Crazy Yiuf
  5896 | D:4      | Noticed a phantom
  6039 | D:4      | Gained mutation: You are covered in thick fur. (AC +2)
                  | [Felid growth]
  6039 | D:4      | Reached XP level 6. HP: 20/26 MP: 3/10
  6049 | D:4      | Noticed an orc warrior
  6073 | D:4      | Noticed an ice beast
  6244 | D:4      | Found a hide-covered altar of Uskayaw.
  6642 | D:4      | Found a staircase to the Ecumenical Temple.
  6667 | Temple   | Entered the Ecumenical Temple
  6698 | D:4      | Killed an ice beast
  6757 | D:4      | Found Vutast's Tiny Tomes.
  6947 | D:4      | Reached XP level 7. HP: 30/30 MP: 4/11
  7216 | D:4      | Became a worshipper of Uskayaw the Reveller
  7234 | D:4      | Learned a level 4 spell: Summon Lightning Spire
  7436 | D:5      | Entered Level 5 of the Dungeon
  7513 | D:5      | Found an ancient bone altar of Kikubaaqudgha.
  7655 | D:5      | Reached skill level 1 in Invocations
  7720 | D:5      | Reached skill level 1 in Air Magic
  8168 | D:5      | Found a hazy altar of Hepliaklqana.
  8562 | D:5      | Reached skill level 5 in Dodging
  8721 | D:6      | Reached XP level 8. HP: 33/33 MP: 0/12
  9370 | D:6      | Found Baopnil's Book Emporium.
  9563 | D:6      | Noticed Dowan
  9569 | D:6      | Noticed Duvessa
  9570 | D:6      | Killed Dowan
  9727 | D:6      | Found a burning altar of Makhleb.
  9747 | D:6      | Found a radiant altar of Vehumet.
 10076 | D:7      | Noticed Joseph
 10410 | D:7      | Reached skill level 10 in Summonings
 11297 | D:7      | Found a basalt altar of Yredelemnul.
 11420 | D:7      | Reached XP level 9. HP: 36/36 MP: 10/15
 12234 | D:8      | Reached skill level 5 in Spellcasting
 13304 | D:9      | Noticed a troll
 13392 | D:9      | Found Laarahut's Book Shoppe.
 13419 | D:9      | Bought a book of Beasts for 494 gold pieces
 13425 | D:9      | Learned a level 4 spell: Summon Ice Beast
 13431 | D:9      | Learned a level 5 spell: Summon Mana Viper
 13504 | D:9      | Noticed Maurice
 13529 | D:9      | Killed Maurice
 14138 | D:9      | Reached XP level 10. HP: 40/40 MP: 9/20
 14442 | D:10     | Entered Level 10 of the Dungeon
 14547 | D:10     | Reached skill level 5 in Stealth
 14813 | D:10     | Found a shadowy altar of Dithmenos.
 14814 | D:10     | Found an opulent altar of Gozag.
 14814 | D:10     | Found a shimmering altar of Xom.
 14815 | D:10     | Found a glowing silver altar of Zin.
 14844 | D:10     | Identified the +1 ring mail of the Cricket {*Corrode Int+3}
 14974 | D:10     | Noticed a gargoyle
 15009 | D:10     | Killed a gargoyle
 15010 | D:10     | Reached skill level 1 in Hexes
 15141 | D:10     | Found a staircase to the Lair.
 15465 | D:10     | Noticed a tengu warrior
 15465 | D:10     | Noticed a four-headed hydra
 15486 | D:10     | Killed a four-headed hydra
 15555 | D:10     | Noticed a centaur warrior
 15560 | D:10     | Noticed an ogre mage
 15568 | D:10     | Killed a tengu warrior
 15575 | D:10     | Noticed a wizard
 15578 | D:10     | Noticed a centaur warrior
 15727 | Lair:1   | Entered Level 1 of the Lair of Beasts
 15733 | Lair:1   | Noticed a cane toad
 15746 | Lair:1   | Killed a cane toad
 15747 | Lair:1   | Reached skill level 5 in Hexes
 15747 | Lair:1   | Reached XP level 11. HP: 43/43 MP: 5/23
 15986 | Lair:1   | Found a transporter.
 16004 | Lair:1   | Noticed Dittersdorf's ghost (journeyman GrFi)
 16041 | Lair:1   | Found a transporter.
 16041 | Lair:1   | Noticed an oklob plant
 16292 | Lair:1   | Reached * piety under Uskayaw
 16381 | Lair:1   | Got the Directory of Imprecation and Blasting
 16486 | Lair:1   | Reached skill level 10 in Dodging
 17196 | Lair:1   | Learned a level 7 spell: Monstrous Menagerie
 17680 | Lair:2   | Noticed a catoblepas
 17693 | Lair:2   | Killed a catoblepas
 17804 | Lair:2   | Found a staircase to the Snake Pit.
 18096 | Lair:2   | Reached skill level 15 in Summonings
 18096 | Lair:2   | Gained mutation: Your thick and shaggy fur keeps you warm.
                  | (AC +3, rC+) [Felid growth]
 18096 | Lair:2   | Reached XP level 12. HP: 46/46 MP: 12/25
 18205 | Lair:2   | Found a staircase to the Swamp.
 18568 | Lair:3   | Noticed a four-headed hydra
 18576 | Lair:3   | Killed a four-headed hydra
 19354 | Lair:3   | Noticed a catoblepas
 19392 | Lair:3   | Killed a catoblepas
 21017 | Lair:4   | Reached skill level 10 in Stealth
 21413 | Lair:5   | Entered Level 5 of the Lair of Beasts
 21413 | Lair:5   | Noticed a five-headed hydra
 21894 | D:6      | Killed Duvessa
 22327 | D:6      | Bought a Fen Folio for 546 gold pieces
 22406 | D:10     | Killed a centaur warrior
 22407 | D:10     | Reached XP level 13. HP: 35/49 MP: 6/26
 22475 | D:10     | Identified the amulet "Suto" {rC+ Regen+ Int+3}
 22688 | D:10     | Identified the +7 dagger "Fioreraeny" {venom, *Noise rN+
                  | Str+3}
 22688 | D:10     | Identified the ring "Biwixoos" {rPois rF+ Str-5 Int+5
                  | Dex+6}
 23193 | D:10     | Found a staircase to the Orcish Mines.
 23423 | D:10     | Found a runed translucent door.
 23423 | D:10     | Noticed Harold
 23434 | D:10     | Killed Harold
 23462 | D:10     | Noticed arthad's ghost (journeyman SpEn)
 23462 | D:10     | Identified the +9 trident of Bloodstone {heavy, rElec
                  | Will++}
 23463 | D:10     | Found the +8 arc blade {discharge, rElec}
 23534 | D:10     | Killed arthad's ghost
 24208 | Lair:5   | Reached skill level 10 in Spellcasting
 24567 | Lair:5   | Reached XP level 14. HP: 40/54 MP: 17/29
 25278 | Lair:5   | Found a viscous altar of Jiyva.
 25284 | Lair:5   | Found a staircase to the Slime Pits.
 25690 | Lair:5   | Learned a level 7 spell: Summon Hydra
 25804 | Orc:1    | Entered Level 1 of the Orcish Mines
 26033 | Orc:1    | You fall into a shaft and drop 1 floor!
 26033 | Orc:2    | Entered Level 2 of the Orcish Mines
 26364 | Orc:2    | Noticed an orc warlord
 26432 | Orc:2    | Killed an orc warlord
 26539 | Orc:2    | Noticed Nessos
 26547 | Orc:2    | Killed Nessos
 26763 | Orc:2    | Found Juptohi's Distillery.
 26962 | Orc:2    | Bought a potion of haste for 180 gold pieces
 26963 | Orc:2    | Found a staircase to the Elven Halls.
 26980 | Orc:2    | Found a shimmering altar of Xom.
 27313 | Orc:2    | Found Fic Usu's Book Boutique.
 27313 | Orc:2    | Found Husoal's Distillery.
 27315 | Orc:2    | Found Koust's Distillery.
 27315 | Orc:2    | Found Badeic's General Store.
 27326 | Orc:2    | Bought a potion of brilliance for 56 gold pieces
 27326 | Orc:2    | Bought a potion of mutation for 112 gold pieces
 27483 | D:9      | Bought Noado's Atlas of the Mantle and the Escort for 416
                  | gold pieces
 27633 | Orc:2    | Bought a scroll of revelation for 127 gold pieces
 27943 | Orc:1    | Found a runed translucent door.
 27946 | Orc:1    | Noticed a balrug
 28105 | Orc:1    | Killed a balrug
 28150 | Orc:1    | Identified the +1 war axe of Huakutt {flame, rElec rF-
                  | rCorr Dex+6}
 28623 | D:11     | Found a blossoming altar of Fedhas.
 30218 | D:13     | Reached skill level 15 in Dodging
 30436 | D:13     | Reached XP level 15. HP: 57/57 MP: 23/31
 31218 | Snake:1  | Entered Level 1 of the Snake Pit
 31426 | Snake:1  | Killed from afar by a shock serpent
 31973 | Snake:1  | Noticed Kirke
 31984 | Snake:1  | Killed Kirke
 32135 | Snake:2  | Noticed Saint Roka
 32246 | Snake:2  | Killed Saint Roka
 32277 | Snake:2  | Found a sparkling altar of Nemelex Xobeh.
 33142 | Snake:2  | Found Must's Armour Emporium.
 33198 | Snake:2  | Noticed Roxanne
 33235 | Snake:2  | Killed Roxanne
 33608 | Snake:3  | Found a runed translucent gate.
 33608 | Snake:3  | Found a runed translucent gate.
 33608 | Snake:3  | Found a runed translucent gate.
 33609 | Snake:3  | Noticed Kyhiruh's ghost (journeyman DrSh)
 33969 | Snake:3  | Noticed Donald
 34012 | Snake:3  | Killed Donald
 35346 | Snake:3  | Killed Kyhiruh's ghost
 35468 | Snake:3  | Learned a level 9 spell: Dragon's Call
 35545 | Snake:4  | Entered Level 4 of the Snake Pit
 35592 | Snake:4  | Reached XP level 16. HP: 60/60 MP: 9/34
 36037 | Snake:4  | Identified the +1 robe "Lyock" {Fly}
 38084 | Snake:4  | Got a serpentine rune of Zot
 39369 | D:14     | Noticed Rupert
 39379 | D:14     | Killed Rupert
 39633 | D:14     | Found a gate to the Vaults.
 39723 | D:15     | Entered Level 15 of the Dungeon
 39806 | D:15     | Found a gate leading to a gauntlet.
 39818 | Gauntlet | Entered a Gauntlet
 39818 | Gauntlet | Found a transporter.
 39821 | Gauntlet | Found a transporter.
 39824 | Gauntlet | Found a transporter.
 39825 | Gauntlet | Found a transporter.
 39828 | Gauntlet | Found a transporter.
 39829 | Gauntlet | Found a transporter.
 39838 | Gauntlet | Found a transporter.
 39841 | Gauntlet | Found a transporter.
 39857 | Gauntlet | Found a transporter.
 39874 | Gauntlet | Found a transporter.
 39880 | Gauntlet | Found the ring of Shadows {Umbra +Inv Stlth+}
 39886 | Gauntlet | Found a transporter.
 39905 | Gauntlet | Found a transporter.
 40117 | Gauntlet | Identified the +1 hat of Omission {-Tele Drain rN+++ Str+3}
 40294 | Gauntlet | Identified the +3 morningstar of Mutilation {speed, Int+3}
 40317 | Gauntlet | Identified the +0 helmet "Emasmiy" {Fly rPois Str-3 Dex+2}
 40318 | Gauntlet | Got Oselaus's Almanac of the Compass
 40632 | D:15     | Found a radiant altar of Vehumet.
 40665 | D:15     | Reached XP level 17. HP: 63/63 MP: 2/36
 41849 | D:15     | Found a staircase to the Depths.
 42058 | Swamp:1  | Entered Level 1 of the Swamp
 42262 | Swamp:1  | Found a transporter.
 42427 | Swamp:1  | Identified the +0 robe of the Merchant {Dex+3}
 42469 | Swamp:1  | Found a transporter.
 43758 | Swamp:3  | HP: 2/63 [six-headed hydra (2)]
 44444 | Swamp:4  | Entered Level 4 of the Swamp
 44584 | Swamp:4  | Reached skill level 5 in Fighting
 44650 | Swamp:4  | Reached XP level 18. HP: 67/73 MP: 25/37
 45004 | Swamp:4  | Got a decaying rune of Zot
 45530 | Slime:1  | Entered Level 1 of the Pits of Slime
 45704 | Slime:3  | Found a viscous altar of Jiyva.
 46165 | Slime:5  | Entered Level 5 of the Pits of Slime
 46195 | Slime:5  | Noticed the Royal Jelly
 47174 | Slime:5  | Killed from afar by an acid blob
 47754 | Slime:5  | Reached skill level 10 in Fighting
 48200 | Slime:5  | Found the +8 frozen axe "Frostbite" {freeze, freezing
                  | cloud, *Noise Fly rC+}
 48378 | Slime:5  | Reached ** piety under Uskayaw
 48627 | Slime:5  | Found a viscous altar of Jiyva.
 49703 | Slime:5  | Killed from afar by an acid blob
 49722 | Slime:5  | Killed the Royal Jelly
 50489 | Slime:5  | Identified the +10 arbalest of Amorality {flame, Str+5
                  | Int-4}
 50490 | Slime:5  | Identified the +4 short sword "Heqiub" {heavy, rPois Will++
                  | Stlth+}
 50532 | Slime:5  | Got Muonabec's Catalogue of Boreal Imprecation
 50533 | Slime:5  | Identified the ring "Fusovatour" {Int+4 SInv}
 50536 | Slime:5  | Got a slimy rune of Zot
 51295 | Elf:1    | Entered Level 1 of the Elven Halls
 51317 | Elf:1    | Reached XP level 19. HP: 84/84 MP: 28/38
 52528 | Elf:2    | Reached skill level 1 in Unarmed Combat
 53245 | Elf:2    | Paralysed by an air elemental for 1 turns
 54011 | Elf:2    | Found a runed translucent gate.
 54012 | Elf:2    | Found a runed translucent gate.
 54012 | Elf:2    | Found a runed translucent gate.
 54533 | Elf:3    | Entered Level 3 of the Elven Halls
 54851 | Elf:3    | Found Reozy's General Store.
 54884 | Elf:3    | Reached skill level 5 in Unarmed Combat
 55882 | Elf:3    | Reached skill level 27 in Summonings
 55884 | Elf:3    | Reached XP level 20. HP: 76/90 MP: 27/39
 56180 | Elf:3    | Identified the +11 spear of the Priest {drain, rElec Will+
                  | Dex-5}
 56264 | Elf:3    | Killed from afar by a deep elf high priest
 56611 | Elf:3    | Paralysed by an air elemental for 1 turns
 56964 | Elf:3    | Identified the +2 chain mail "Roikk" {-Tele Rampage rC+
                  | Will+}
 57504 | Swamp:1  | Identified the ring "Toif" {rElec rC+++ MP+9 Dex-5}
 57634 | Swamp:1  | Identified the +1 helmet of the Decaying God {Regen+ Str+3
                  | Dex+5}
 57662 | Swamp:1  | Learned a level 7 spell: Spellforged Servitor
 57685 | Swamp:1  | Learned a level 6 spell: Leda's Unmaking
 58668 | Slime:2  | Reached skill level 1 in Conjurations
 58670 | Slime:2  | Reached skill level 1 in Earth Magic
 59234 | Vaults:1 | Entered Level 1 of the Vaults
 59274 | Vaults:1 | You fall into a shaft and drop 1 floor!
 59696 | Vaults:2 | Noticed Mennas
 59700 | Vaults:2 | Noticed Norris
 59744 | Vaults:2 | Killed Norris
 59846 | Vaults:2 | Killed Mennas
 59926 | Vaults:2 | Noticed Sojobo
 59965 | Vaults:2 | Killed Sojobo
 59967 | Vaults:2 | Killed from afar by a tengu reaver
 60155 | Vaults:2 | Found Ilozuaho's Assorted Antiques.
 60160 | Vaults:2 | Bought a scroll of blinking for 240 gold pieces
 60328 | Vaults:2 | Found a transporter.
 61026 | Vaults:2 | Found a bloodstained altar of Trog.
 61026 | Vaults:2 | Found the necklace of Bloodlust {Fury *Rage Will++ Int-3
                  | Slay+6}
 61384 | Vaults:1 | Noticed Nikola
 61406 | Vaults:1 | Killed Nikola
 61407 | Vaults:1 | Reached XP level 21. HP: 45/97 MP: 3/40
 61799 | Vaults:1 | Noticed a dread lich
 61814 | Vaults:1 | Noticed a golden dragon
 61918 | Vaults:1 | a rockslime changed into a shard shrike
 61918 | Vaults:1 | Noticed a shard shrike (glowing shapeshifter)
 61919 | Vaults:1 | Killed a shard shrike
 61934 | Vaults:1 | Killed a dread lich
 61992 | Vaults:1 | Killed a golden dragon
 62499 | Vaults:1 | Noticed Woitib's ghost (adept GrFE)
 62500 | Vaults:1 | Found a transporter.
 62502 | Vaults:1 | Noticed a golden dragon
 62505 | Vaults:1 | Found a transporter.
 62949 | Vaults:1 | Upgraded the game from 0.31-a0-609-g7bf6ffcfed to
                  | 0.31-a0-620-gd1cbd99268
 63522 | Vaults:3 | Identified the +8 chain mail of Dice, Bag, and Bottle
                  | {Int-3 Dex+2 Slay+5}
 64798 | Vaults:3 | Found a staircase to the Crypt.
 65248 | Vaults:4 | Reached skill level 15 in Fighting
 65602 | Vaults:4 | Found Ogelel's Weapon Shop.
 65702 | Vaults:4 | Reached skill level 1 in Shapeshifting
 66164 | Vaults:4 | Reached skill level 15 in Spellcasting
 66269 | Vaults:5 | Entered Level 5 of the Vaults
 66272 | Vaults:5 | Noticed Jory
 66337 | Vaults:5 | Reached XP level 22. HP: 84/105 MP: 9/42
 66384 | Vaults:5 | Identified the +8 scimitar "Moxkizar" {heavy, +Blink rElec
                  | Dex+3}
 66392 | Vaults:5 | Identified the +0 leather armour of Responsibility {rF+ rC+
                  | Str+6}
 66467 | Vaults:5 | Gained mutation: You do not regenerate when monsters are
                  | visible. [a shining eye]
 66680 | Vaults:5 | Killed Jory
 67043 | Vaults:5 | Reached skill level 5 in Shapeshifting
 67585 | Vaults:5 | Noticed an ancient lich
 67697 | Vaults:5 | Killed an ancient lich
 67916 | Vaults:5 | Identified the ring "Zofumol" {Str+3 Dex+6}
 67936 | Vaults:5 | Noticed a golden dragon
 67948 | Vaults:5 | Killed a golden dragon
 68235 | Vaults:5 | Got a silver rune of Zot
 69344 | Vaults:5 | Lost strength.
 69572 | Vaults:2 | Found a transporter.
 69944 | Depths:1 | Entered Level 1 of the Depths
 69947 | D:15     | Lost mutation: You do not regenerate when monsters are
                  | visible. [potion of mutation]
 69947 | D:15     | Gained mutation: You are partially covered in iridescent
                  | scales. (AC +2) [potion of mutation]
 70150 | Depths:1 | Found a gateway to Hell.
 70347 | Depths:1 | Found a one-way gate to the infinite horrors of the Abyss.
 70471 | Depths:1 | Found a burning altar of Makhleb.
 70561 | Depths:2 | Noticed Louise
 70579 | Depths:2 | Killed Louise
 70595 | Depths:2 | Reached XP level 23. HP: 80/104 MP: 3/44
 70787 | Depths:2 | Noticed Grunn
 70795 | Depths:2 | Killed Grunn
 71042 | Depths:2 | Found a runed translucent door.
 71062 | Depths:2 | Found a one-way gate leading to the halls of Pandemonium.
 71099 | Depths:2 | Reached skill level 10 in Shapeshifting
 71176 | Depths:2 | Found a one-way gateway to a ziggurat.
 72155 | Depths:3 | Noticed a caustic shrike
 72193 | Depths:3 | Killed a caustic shrike
 72277 | Depths:3 | Noticed a juggernaut
 72290 | Depths:3 | Killed a juggernaut
 73028 | Depths:3 | Found Ydwifo's Antique Armour Shop.
 73051 | Depths:3 | Found Memilamo's Antique Armour Shop.
 73051 | Depths:3 | Found Lesataekk's Antique Armour Boutique.
 73221 | Depths:3 | Reached skill level 5 in Conjurations
 73222 | Depths:3 | Found Xoph's General Store.
 73225 | Depths:3 | Reached skill level 5 in Earth Magic
 73331 | Depths:3 | Bought a scroll of teleportation for 57 gold pieces
 73331 | Depths:3 | Bought a potion of curing for 57 gold pieces
 73665 | Depths:3 | Reached XP level 24. HP: 109/112 MP: 2/46
 74014 | Depths:3 | You fall into a shaft and drop 1 floor!
 74014 | Depths:4 | Entered Level 4 of the Depths
 75093 | Depths:4 | Identified the ring of the Trout {rC+ rN+}
 75524 | Depths:4 | Found a stormy altar of Qazlal.
 75698 | Depths:4 | Found a gate to the Realm of Zot.
 76765 | D:4      | Bought the Catalogue of Correspondence for 100 gold pieces
 76780 | D:4      | Learned a level 4 spell: Manifold Assault
 77214 | Crypt:1  | Entered Level 1 of the Crypt
 77250 | Crypt:1  | Reached skill level 1 in Translocations
 77555 | Crypt:1  | Noticed Frederick
 77617 | Crypt:1  | Killed Frederick
 79326 | Crypt:2  | Reached skill level 5 in Translocations
 79753 | Crypt:3  | Entered Level 3 of the Crypt
 80447 | Crypt:3  | Found an ancient bone altar of Kikubaaqudgha.
 80904 | Crypt:3  | Found a staircase to the Tomb.
 81008 | Crypt:3  | Got the Cyclopedia of the Grave
 81225 | Crypt:3  | Reached XP level 25. HP: 116/116 MP: 15/47
 82029 | Depths:1 | Voluntarily entered the Abyss.
 82232 | Abyss:2  | Found a corrupted altar of Lugonu.
 82284 | Abyss:2  | Found a corrupted altar of Lugonu.
 82288 | Abyss:2  | Found a corrupted altar of Lugonu.
 82365 | Abyss:2  | Found a corrupted altar of Lugonu.
 82389 | Depths:1 | Escaped the Abyss
 82442 | Depths:1 | Voluntarily entered the Abyss.
 82451 | Abyss:2  | Found a corrupted altar of Lugonu.
 82463 | Abyss:2  | Found a corrupted altar of Lugonu.
 82467 | Abyss:2  | Found an opulent altar of Gozag.
 82586 | Depths:1 | Escaped the Abyss
 82588 | Depths:1 | Voluntarily entered the Abyss.
 82934 | Abyss:2  | Reached skill level 10 in Unarmed Combat
 83128 | Depths:1 | Escaped the Abyss
 83285 | Depths:1 | Voluntarily entered the Abyss.
 83301 | Abyss:2  | Found a corrupted altar of Lugonu.
 83646 | Abyss:2  | Found a corrupted altar of Lugonu.
 83760 | Abyss:2  | Reached skill level 10 in Translocations
 83762 | Depths:1 | Escaped the Abyss
 84095 | Depths:1 | Voluntarily entered the Abyss.
 84095 | Abyss:2  | Found a corrupted altar of Lugonu.
 84144 | Abyss:2  | Noticed a dread lich
 84156 | Abyss:2  | Killed a dread lich
 84314 | Depths:1 | Escaped the Abyss
 84368 | Depths:1 | Voluntarily entered the Abyss.
 84383 | Abyss:2  | Found a snail-covered altar of Cheibriados.
 84431 | Abyss:2  | Found a snail-covered altar of Cheibriados.
 84568 | Abyss:2  | Reached skill level 15 in Shapeshifting
 84713 | Depths:1 | Escaped the Abyss
 84856 | Depths:1 | Voluntarily entered the Abyss.
 84891 | Abyss:2  | Found a corrupted altar of Lugonu.
 85516 | Depths:1 | Escaped the Abyss
 85560 | Depths:1 | Voluntarily entered the Abyss.
 85575 | Abyss:2  | Found a corrupted altar of Lugonu.
 85737 | Abyss:2  | Found a corrupted altar of Lugonu.
 85849 | Depths:1 | Escaped the Abyss
 86094 | Depths:1 | Voluntarily entered the Abyss.
 86173 | Depths:1 | Escaped the Abyss
 86417 | Depths:1 | Voluntarily entered the Abyss.
 86422 | Abyss:2  | Found a corrupted altar of Lugonu.
 86535 | Abyss:2  | Noticed a dread lich
 86541 | Abyss:2  | Killed a dread lich
 86579 | Abyss:2  | Reached XP level 26. HP: 120/120 MP: 13/47
 86702 | Abyss:2  | Collided with a golden dragon
 86890 | Abyss:3  | Found a corrupted altar of Lugonu.
 87344 | Depths:1 | Escaped the Abyss
 87395 | Depths:1 | Voluntarily entered the Abyss.
 87405 | Abyss:3  | Found a corrupted altar of Lugonu.
 87434 | Abyss:3  | Paralysed by an air elemental for 1 turns
 87609 | Depths:1 | Escaped the Abyss
 87754 | Depths:1 | Voluntarily entered the Abyss.
 87760 | Abyss:3  | Found an ornate altar of the Wu Jian Council.
 88055 | Abyss:3  | Noticed an ancient lich
 88066 | Abyss:3  | Killed an ancient lich
 88069 | Depths:1 | Escaped the Abyss
 88283 | Depths:1 | Voluntarily entered the Abyss.
 88517 | Depths:1 | Escaped the Abyss
 88609 | Depths:1 | Voluntarily entered the Abyss.
 88653 | Abyss:3  | Found a corrupted altar of Lugonu.
 88732 | Abyss:3  | Found a corrupted altar of Lugonu.
 88749 | Abyss:3  | Found a corrupted altar of Lugonu.
 88889 | Abyss:3  | Found a corrupted altar of Lugonu.
 88911 | Depths:1 | Escaped the Abyss
 89196 | Depths:1 | Voluntarily entered the Abyss.
 89408 | Abyss:3  | Found a transporter.
 89408 | Abyss:3  | Found a corrupted altar of Lugonu.
 89414 | Abyss:3  | Found a transporter.
 89426 | Abyss:3  | Found a corrupted altar of Lugonu.
 89638 | Abyss:3  | Reached skill level 15 in Translocations
 89710 | Abyss:3  | Got an abyssal rune of Zot
 89729 | Depths:1 | Escaped the Abyss
 90133 | Pan      | Entered Pandemonium
 90151 | Pan      | Reached *** piety under Uskayaw
 90160 | Pan      | Reached **** piety under Uskayaw
 90248 | Pan      | Reached skill level 27 in Dodging
 90845 | Pan      | Found a huge runed translucent gate.
 90847 | Pan      | Found a huge runed translucent gate.
 90848 | Pan      | Found a huge runed translucent gate.
 90848 | Pan      | Found a huge runed translucent gate.
 90848 | Pan      | Found a huge runed translucent gate.
 90867 | Pan      | Found a huge runed translucent gate.
 90868 | Pan      | Found a huge runed translucent gate.
 91057 | Pan      | Noticed Byaneut the pandemonium lord
 91061 | Pan      | HP: 2/177 [soul eater (11)]
 91114 | Pan      | HP: 6/120 [??? (3)]
 91127 | Pan      | Slain by a soul eater
 91540 | Pan      | Killed Byaneut the pandemonium lord
 93215 | Pan      | Reached XP level 27. HP: 124/124 MP: 33/48
100986 | Pan      | Found a runed translucent door.
101045 | Pan      | Found a runed translucent door.
101049 | Pan      | Found a runed translucent door.
101056 | Pan      | Found a runed translucent door.
101778 | Pan      | Noticed Vegeum the pandemonium lord
101790 | Pan      | Killed Vegeum the pandemonium lord
102227 | Pan      | Killed by an exploding demonspawn blood saint... ignited by
                  | their inner flame
102712 | Pan      | Noticed Vytell the pandemonium lord
102726 | Pan      | Killed Vytell the pandemonium lord
103330 | Pan      | Noticed Ofiq the pandemonium lord
103342 | Pan      | Killed Ofiq the pandemonium lord
107896 | Pan      | Reached skill level 5 in Invocations
108213 | Pan      | Noticed Goer the pandemonium lord
108223 | Pan      | Killed Goer the pandemonium lord
109333 | Pan      | Noticed Ignacio
109337 | Pan      | Noticed Hatrod the pandemonium lord
109362 | Pan      | HP: 3/124 [deep elf blademaster/+0 rapier[a demonspawn
                  | corrupter] (19)]
109472 | Pan      | Reached skill level 10 in Invocations
109880 | Pan      | Killed Hatrod the pandemonium lord
110233 | Pan      | Noticed Lyntiss the pandemonium lord
110253 | Pan      | Killed Lyntiss the pandemonium lord
111069 | Pan      | Reached ***** piety under Uskayaw
112484 | Pan      | Noticed Roizeq the pandemonium lord
112999 | Pan      | HP: 6/124 [blizzard demon/bolt of lightning (30)]
113797 | Pan      | Killed Roizeq the pandemonium lord
113868 | Pan      | Got a demonic rune of Zot
113877 | Pan      | Got Toivuxte's Grimoire of Radiant Obstruction
114031 | Pan      | Entered the realm of Gloorx Vloq.
114768 | Pan      | Found an exit through the horrors of the Abyss.
115168 | Pan      | Noticed Gloorx Vloq
115973 | Pan      | Killed Gloorx Vloq
116160 | Pan      | Got a dark rune of Zot
116602 | Pan      | Reached skill level 15 in Stealth
117225 | Pan      | Reached skill level 15 in Unarmed Combat
117827 | Pan      | Got the Compendium of the Doomed Gift
117945 | Pan      | Entered the realm of Mnoleg.
118076 | Pan      | Reached skill level 1 in Evocations
118237 | Pan      | Noticed Mnoleg
119458 | Pan      | Killed Mnoleg
119479 | Pan      | Got a glowing rune of Zot
120170 | Pan      | Reached skill level 5 in Evocations
120174 | Pan      | Noticed Fuelanku the pandemonium lord
120183 | Pan      | Killed Fuelanku the pandemonium lord
120883 | Pan      | Got the Papyrus of Wildfire and Forces
121371 | Pan      | Found Xuwadd's Assorted Sundries.
121372 | Pan      | Found an opulent altar of Gozag.
121899 | Pan      | Found an opulent altar of Gozag.
121900 | Pan      | Found Xuwadd's Fine Accessories.
121933 | Pan      | Noticed Xuwadd the pandemonium lord
121942 | Pan      | Killed Xuwadd the pandemonium lord
121954 | Pan      | Found an opulent altar of Gozag.
122122 | Pan      | Found Xuwadd's Superb Hardware.
122125 | Pan      | Found Xuwadd's Rarities Depository.
122125 | Pan      | Noticed a dread lich
122144 | Pan      | Killed a dread lich
122273 | Pan      | Bought a potion of brilliance for 44 gold pieces
122273 | Pan      | Bought a potion of haste for 110 gold pieces
122273 | Pan      | Bought a scroll of revelation for 82 gold pieces
122885 | Pan      | Entered the realm of Cerebov.
123037 | Pan      | Found an exit through the horrors of the Abyss.
123609 | Pan      | Identified the +6 battleaxe of Rioteju {freeze, Dex+2}
123950 | Pan      | Reached ****** piety under Uskayaw
124140 | Pan      | Found the +6 sword of Cerebov {flame}
124140 | Pan      | Noticed Cerebov
124144 | Pan      | Killed Cerebov
124885 | Pan      | Identified the ring "Rakoygel" {Fire Dex+3}
125195 | Pan      | Identified the +1 leather armour of Parlour Games {rPois
                  | rF++ MP+9}
125196 | Pan      | Identified the staff "Buthufi" {rF+ rN+ Fire}
125206 | Pan      | Reached skill level 15 in Invocations
125209 | Pan      | Identified the staff "Wopuwnav" {rElec SInv Air}
125245 | Pan      | Got the Grimoire of the Singularity and the Pyromaniac
125252 | Pan      | Identified the +1 pair of gloves of Meteeg {*Slow rPois
                  | Regen+ Stlth+}
125292 | Pan      | Identified the staff "Akhitoa" {rElec Int+4 Earth}
125506 | Pan      | Got a fiery rune of Zot
125632 | Pan      | Noticed Ignacio
126023 | Pan      | Noticed Zeuqeh the pandemonium lord
126045 | Pan      | Killed Zeuqeh the pandemonium lord
126410 | Pan      | Learned a level 7 spell: Haunt
126471 | Pan      | Slain by Ignacio
126503 | Pan      | Killed Ignacio
126929 | Pan      | Identified the ring of Fuyt {rF- Will+ rCorr Int+5}
127534 | Pan      | Found an exit through the horrors of the Abyss.
127542 | Pan      | Noticed Cecahimak the pandemonium lord
127562 | Pan      | Killed Cecahimak the pandemonium lord
128210 | Pan      | Entered the realm of Lom Lobon.
128670 | Pan      | Found an exit through the horrors of the Abyss.
129288 | Pan      | Noticed Lom Lobon
129291 | Pan      | Killed Lom Lobon
129300 | Pan      | Got a magical rune of Zot
129986 | Pan      | Noticed Uwevas the pandemonium lord
129991 | Pan      | HP: 1/124 [Uwevas the pandemonium lord/damnation (24)]
130000 | Pan      | Killed from afar by a smoke demon
130159 | Pan      | Killed Uwevas the pandemonium lord
130608 | Pan      | Found an exit through the horrors of the Abyss.
130794 | Pan      | Killed from afar by a smoke demon
131346 | Pan      | Took an exit into the Abyss.
131346 | Abyss:3  | Escaped into the Abyss
131346 | Abyss:3  | Found a corrupted altar of Lugonu.
131395 | Abyss:3  | Found a sparkling altar of Nemelex Xobeh.
131422 | Depths:2 | Escaped the Abyss
131485 | Pan      | Entered Pandemonium
131654 | Pan      | Noticed Ecvesmos the pandemonium lord
131664 | Pan      | Killed Ecvesmos the pandemonium lord
131846 | Pan      | Found an exit through the horrors of the Abyss.
132343 | Pan      | Found an exit through the horrors of the Abyss.
133145 | Pan      | Found an exit through the horrors of the Abyss.
133406 | Pan      | Found an exit through the horrors of the Abyss.
134040 | Pan      | Found an exit through the horrors of the Abyss.
134644 | Pan      | Found an exit through the horrors of the Abyss.
135305 | Pan      | Found an exit through the horrors of the Abyss.
135644 | Pan      | Found an exit through the horrors of the Abyss.
136735 | Pan      | Found a transporter.
136735 | Pan      | Found a transporter.
137029 | Pan      | Found an exit through the horrors of the Abyss.
137050 | Pan      | Took an exit into the Abyss.
137050 | Abyss:3  | Escaped into the Abyss
137082 | Abyss:3  | Found a corrupted altar of Lugonu.
137094 | Abyss:3  | Found a corrupted altar of Lugonu.
137129 | Depths:2 | Escaped the Abyss
137698 | Tomb:1   | Entered Level 1 of the Tomb of the Ancients
138280 | Tomb:1   | Noticed a royal mummy
138320 | Tomb:1   | Noticed a royal mummy
138320 | Tomb:1   | Killed a royal mummy
138326 | Tomb:1   | Killed a royal mummy
138352 | Tomb:1   | Noticed a royal mummy
138365 | Tomb:1   | Killed a royal mummy
139114 | Tomb:2   | Noticed a royal mummy
139114 | Tomb:2   | Noticed a royal mummy
139116 | Tomb:2   | Noticed a royal mummy
139116 | Tomb:2   | Noticed a royal mummy
139155 | Tomb:2   | Killed a royal mummy
139164 | Tomb:2   | Killed a royal mummy
139278 | Tomb:2   | Killed a royal mummy
139367 | Tomb:2   | Killed a royal mummy
139695 | Tomb:1   | Noticed a royal mummy
139706 | Tomb:1   | Killed a royal mummy
139707 | Tomb:1   | Noticed a royal mummy
139715 | Tomb:1   | Killed a royal mummy
139745 | Tomb:1   | Noticed a royal mummy
139754 | Tomb:1   | Killed a royal mummy
139757 | Tomb:1   | Noticed a royal mummy
139758 | Tomb:1   | Noticed a royal mummy
139767 | Tomb:1   | Killed a royal mummy
139770 | Tomb:1   | Noticed a royal mummy
139771 | Tomb:1   | Killed a royal mummy
139777 | Tomb:1   | Killed a royal mummy
139818 | Tomb:1   | Noticed a royal mummy
139875 | Tomb:1   | Killed a royal mummy
139885 | Tomb:1   | Noticed a royal mummy
139893 | Tomb:1   | Killed a royal mummy
139963 | Tomb:1   | Noticed a royal mummy
139970 | Tomb:1   | Killed a royal mummy
139977 | Tomb:1   | Noticed a royal mummy
139982 | Tomb:1   | Killed a royal mummy
140144 | Tomb:1   | Noticed a royal mummy
140145 | Tomb:1   | Noticed a royal mummy
140153 | Tomb:1   | Noticed a royal mummy
140279 | Tomb:1   | Killed a royal mummy
140288 | Tomb:1   | Killed a royal mummy
140364 | Tomb:1   | Killed a royal mummy
140366 | Tomb:1   | Noticed a royal mummy
140373 | Tomb:1   | Noticed a royal mummy
140384 | Tomb:1   | Killed a royal mummy
140390 | Tomb:1   | Killed a royal mummy
140718 | Tomb:3   | Entered Level 3 of the Tomb of the Ancients
140757 | Tomb:3   | Noticed a royal mummy
140759 | Tomb:3   | Noticed a royal mummy
140760 | Tomb:3   | Killed a royal mummy
140766 | Tomb:3   | Noticed a royal mummy
140870 | Tomb:3   | Noticed a royal mummy
140874 | Tomb:3   | Noticed a royal mummy
140874 | Tomb:3   | Noticed Khufu
140875 | Tomb:3   | Noticed a royal mummy
140897 | Tomb:3   | Noticed a royal mummy
140899 | Tomb:3   | Noticed a royal mummy
140905 | Tomb:3   | Got a golden rune of Zot
140909 | Tomb:3   | Killed a royal mummy
140984 | Tomb:3   | Killed a royal mummy
141164 | Tomb:3   | Killed a royal mummy
141169 | Tomb:3   | Killed Khufu
141175 | Tomb:3   | Killed a royal mummy
141177 | Tomb:3   | Killed a royal mummy
141177 | Tomb:3   | Killed a royal mummy
141192 | Tomb:3   | Killed a royal mummy
142175 | Hell     | Entered the Vestibule of Hell
142184 | Hell     | Noticed Geryon
142203 | Hell     | Killed Geryon
142221 | Hell     | Noticed Murray
142603 | Depths:1 | Killed Murray
142742 | Hell     | Found a gateway to the freezing wastes of Cocytus.
142813 | Hell     | Found a gateway to the decaying netherworld of Tartarus.
142927 | Hell     | Found a gateway to the ashen valley of Gehenna.
143216 | Hell     | Found a gateway to the Iron City of Dis.
143606 | Tar:1    | Entered Level 1 of Tartarus
144680 | Tar:5    | Noticed a dread lich
144680 | Tar:5    | Noticed an ancient lich
144683 | Tar:5    | Noticed a dread lich
144756 | Tar:5    | Killed an ancient lich
144795 | Tar:5    | HP: 4/134 [Executioner[a dread lich] (27)]
144796 | Tar:5    | Annihilated by a doom hound

Illustrated notes

Levels and vault maps discovered:
D:1:      sevenhm_arrival_forest_fort_large_1, layout_basic,
          kennysheep_flooded_box
D:2:      layout_basic, nicolae_concentric_dashed_squares_wild
D:3:      minmay_general_purpose_star, layout_basic, uniq_natasha,
          uniq_crazy_yiuf_cottage
D:4:      cheibrodos_old_hovel, layout_cave_pools, general_overflow_altar,
          minmay_temple_entry_glassed_door, nicolae_shop_i_like_small_books_too
D:5:      layout_cave_pools, kiku_gazebo_pond_becter, kennysheep_mini_moat
D:6:      layout_loops_ring, grunt_temple_overflow_lords_of_destruction,
          serial_shops, shop_fountains, uniq_duvessa
D:7:      layout_cave_pods, yredelemnul_forgotten_temple_becter, uniq_joseph
D:8:      layout_cave_pools
D:9:      layout_basic, serial_shops, shop_coins, uniq_maurice
D:10:     minmay_the_grid_octo_triangle [minmay_the_grid_octo_horde,
          minmay_the_grid_octo_prize_square_snowflake, minmay_the_grid_octo_77],
          layout_cave_pools, chequers_temple_overflow_statue_of_worship,
          hellmonk_lair_entry_icy, hiddenorc1_lemuel,
          ebering_ghost_funeral_grove, nicolae_elevator_lobby_asterisk,
          uniq_harold
D:11:     layout_roguey, tgw_fedhas
D:12:     layout_basic, nrook_loot_triangle, corexii_corridor_pit,
          chequers_serial_rivers_room_a
D:13:     layout_long_grid
D:14:     layout_gridville, david_vaults_4, serial_park_tiny_pond, minivault_24,
          uniq_rupert
D:15:     gammafunk_enter_depths_forms, layout_loops_corners,
          portal_ice_cave_entry_ugly_swarm, gauntlet_entry_generic,
          chequers_serial_rivers_marsh, minivault_15, fiery_altar_vehumet
Temple:   nicolae_temple_slightly_damp_pantheon
Lair:1:   layout_hall_layers, gammafunk_ghost_arena, minmay_holes,
          nicolae_quartered_pool_impasse, lemuel_old_faithful,
          lemuel_fruit_fields, infiniplex_staircase_pool_2
Lair:2:   layout_cave_shapes, swamp_mist, guppyfry_snake_entry_island,
          serial_bayou_lagoon_a
Lair:3:   layout_cave_pods, minivault_24, serial_bayou_shore_b
Lair:4:   layout_gridlike, ldierk_geyser
Lair:5:   minmay_lair_end_enchanted_forest, layout_gridlike,
          minmay_slime_entry_jelly_boxes, grunt_megastairs_3,
          infiniplex_staircase_pool
Swamp:1:  gammafunk_worm_tunnel, layout_basic_swamp,
          evilmike_swamp_ruin_rubble_2, swamp_pool2,
          nicolae_swamp_feature_on_the_river_bank
Swamp:2:  layout_basic_swamp, evilmike_swamp_ruin_house_5
Swamp:3:  layout_falls_marsh, serial_swamp_ruin, evilmike_swamp_ruin_rubble_1,
          evilmike_swamp_ruin_house_4, evilmike_swamp_ruin_house_2
Swamp:4:  swamp_alternative, layout_basic_swamp
Snake:1:  layout_rooms, uniq_kirke
Snake:2:  layout_onion, basic_altar, minmay_shop_star, serial_bayou_shore_b,
          uniq_roxanne, uniq_saint_roka
Snake:3:  layout_chambers, gammafunk_ghost_necromancy, uniq_donald
Snake:4:  minmay_snake_end_coiled, layout_cave_pods, nicolae_coiled_stairwell_up
Slime:1:  layout_caves
Slime:2:  layout_caves, cheibrodos_slime_lost_civilization_5
Slime:3:  layout_caves, basic_altar, nicolae_slime_barrier
Slime:4:  layout_caves
Slime:5:  slime_pit_nicolae_inversion
Orc:1:    dreamdust_dug_too_deep, layout_diamond_mine, basic_altar
Orc:2:    grunt_orc_tribal_feast, layout_caves, serial_shops,
          nicolae_shop_industrial_runoff, basic_altar, uniq_nessos
Elf:1:    layout_rooms, kennysheep_underground_church
Elf:2:    nicolae_elf_blades_crystal_corner, layout_geoelf_octagon,
          serial_co_window_serial, co_window_of_opportunity_a,
          co_window_of_opportunity_a, co_window_corner_a, co_window_paths_b,
          co_window_of_opportunity_a, co_window_paths_b, co_window_paths_b,
          co_window_paths_a, co_window_paths_a, co_window_of_opportunity_b,
          co_window_broadway_b, glass_columns_b, glass_columns_a,
          glass_columns_b, glass_columns_a, corner_web_ring
Elf:3:    minmay_elf_hall_dome, layout_loops_corners, serial_shops, shop
Vaults:1: gammafunk_ghost_arena, nicolae_vaults_shelves_hall, vaults_dpeg_cross,
          vaults_room_door_ring, st_greater_box_5, nicolae_vaults_two_Ls,
          nicolae_vaults_specimen_jars, nicolae_vaults_trapezoid_2, v_misc_19,
          nicolae_vaults_tetromino_T_1, vaults_dpeg_encased_lava, v_misc_16,
          layout_vaults_omnicross, uniq_nikola
Vaults:2: ontoclasm_vaults_twist, emtedronai_trogs_sanctum,
          nicolae_vaults_swerve, v_misc_25, hangedman_vaults_corner_blocks,
          ontoclasm_vaults_tryst, nicolae_vaults_closet_pinwheel_6, v_pattern_2,
          nicolae_vaults_sealed_display, vaults_room_corners, v_misc_16,
          layout_vaults_maze_snakey, serial_shops,
          nicolae_shop_just_a_little_nook, uniq_norris, uniq_sojobo, uniq_mennas
Vaults:3: minmay_crypt_entry_skeletal_spiral, ontoclasm_vaults_gateway,
          v_misc_10, v_misc_22, nicolae_vaults_security_offices_4,
          v_alt_pattern_4, v_misc_1, vaults_dpeg_hooks, layout_vaults_quadrants
Vaults:4: v_misc_26, vaults_room_door_hall, nicolae_vaults_lightning_bolt,
          nicolae_vaults_cochlea, nicolae_vaults_rhombus_7,
          nicolae_vaults_angled_halls, v_alt_pattern_4, v_misc_16,
          nicolae_vaults_mush_room, layout_vaults_big_room, serial_shops,
          nicolae_shop_bloodbath_and_beyond
Vaults:5: uniq_jory
Crypt:1:  layout_basic, grunt_crypt_arrival_guarded_gate, uniq_frederick
Crypt:2:  layout_gridlike
Crypt:3:  grunt_crypt_end_deaths_head
Tomb:1
Tomb:2
Tomb:3
Depths:1: layout_cave_pools, hell_entry, abyss_entry_crystal,
          makhleb_altar_promises_db
Depths:2: grunt_double_whammy, layout_cave_pools, enter_ziggurat_e,
          kennysheep_pointless_box, hell_entry, pan_entry,
          nicolae_abyss_entry_one_way_or_another, kennysheep_treasure_room,
          infiniplex_staircase_pillars_3a, uniq_grunn
Depths:3: lemuel_traditional_vault, layout_gridville, pf_hell_entry_great_geh,
          hangedman_abyss_or_decor_slice, minmay_room_of_horrors,
          kennysheep_boxes, infiniplex_staircase_zigzag_5, minmay_shoptagon
Depths:4: grunt_zot_entry_alcove, layout_gridlike, abyss_entry, hell_entry,
          nicolae_qazlal_style_of_elements, roderic_lattice_octagonal_star,
          infiniplex_staircase_pool_lava
Hell
Tar:1:    layout_cathedral_of_symmetry
Tar:2:    layout_grid_maze, nicolae_tar_honey_rotating
Tar:3:    layout_honeycomb
Tar:4:    layout_grid_maze, nicolae_tar_cuneiform_oil
Tar:5:    layout_cathedral_of_symmetry, nicolae_tar_cuneiform_not,
          nicolae_hells_leichenhalle

Skill      XL: |  1  2  3  4  5  6  7  8  9 10 11 12 13 14 15 16 17 18 19 20 21 22 23 24 25 26 27 |
---------------+----------------------------------------------------------------------------------+-----
Dodging        | 3 5 6 9 10 12 15 17 19 21 23 24 25 27 | 27.0
Fighting       | 1 2 5 10 11 13 15 20 | 20.0
Summonings     | 5 6 7 8 10 12 15 17 18 19 20 23 25 26 27 | 27.0
Invocations    | 2 3 19 | 19.8
Air Magic      | 2 |  2.0
Spellcasting   | 3 6 7 8 10 11 13 14 15 16 18 19 20 25 | 25.0
Stealth        | 3 7 10 12 19 | 19.1
Hexes          | 5 |  5.0
Unarmed Combat | 5 7 9 11 13 20 | 20.8
Conjurations   | 2 5 |  5.0
Earth Magic    | 2 5 |  5.0
Shapeshifting  | 3 8 11 14 15 17 23 | 23.0
Translocations | 7 12 16 23 | 23.3
Evocations     | 5 |  5.0

Action                     |  1- 3 |  4- 6 |  7- 9 | 10-12 | 13-15 | 16-18 | 19-21 | 22-24 | 25-27 || total
---------------------------+-------+-------+-------+-------+-------+-------+-------+-------+-------++-------
  Melee: Unarmed           |    13 |     9 |     6 |    14 |    23 |    13 |    24 |   101 |  3379 ||  3582
         Bite              |       |     2 |       |     3 |     4 |     2 |     5 |    26 |   702 ||   744
         Punch             |       |       |       |       |       |     1 |     2 |    11 |   545 ||   559
         Maw               |       |       |       |       |       |       |       |    16 |    12 ||    28
         Tailslap          |       |       |       |       |       |       |       |    10 |    56 ||    66
   Cast: Summon Small Mamm |    58 |    58 |    59 |     6 |     3 |       |       |       |       ||   184
         Call Imp          |    26 |    46 |    55 |     4 |     1 |       |       |       |       ||   132
         Call Canine Famil |       |    13 |    58 |    51 |    36 |     3 |       |       |       ||   161
         Summon Lightning  |       |       |    29 |    65 |    46 |     9 |       |       |       ||   149
         Summon Ice Beast  |       |       |     6 |    42 |     5 |       |       |       |       ||    53
         Summon Mana Viper |       |       |       |    55 |    47 |    14 |     3 |     5 |     7 ||   131
         Monstrous Menager |       |       |       |     5 |   253 |   122 |    46 |   130 |   311 ||   867
         Summon Hydra      |       |       |       |       |    60 |    84 |    15 |     5 |     3 ||   167
         Dragon's Call     |       |       |       |       |       |    49 |    88 |    89 |   322 ||   548
         Spellforged Servi |       |       |       |       |       |       |     1 |    36 |   170 ||   207
         Manifold Assault  |       |       |       |       |       |       |       |       |   254 ||   254
         Haunt             |       |       |       |       |       |       |       |       |    11 ||    11
 Invoke: Grand Finale      |       |       |       |       |       |       |       |       |     5 ||     5
Ability: Begin Untransform |       |       |       |       |       |       |       |       |     8 ||     8
  Evoke: Wand              |       |       |       |       |     1 |     6 |     4 |       |    16 ||    27
         Phantom mirror    |       |       |       |       |       |       |       |       |     2 ||     2
         Phial of floods   |       |       |       |       |       |       |       |       |     1 ||     1
    Use: Scroll            |       |     6 |     5 |     2 |    18 |    16 |     5 |     5 |    44 ||   101
         Potion            |       |       |     2 |       |     2 |    12 |     3 |     2 |    20 ||    41
   Stab: Sleeping          |     1 |       |       |       |       |     1 |     1 |       |    10 ||    13
         Distracted        |       |       |       |     2 |       |       |     1 |     8 |   198 ||   209
         Paralysed         |       |       |       |       |       |       |       |       |    80 ||    80
         Confused          |       |       |       |       |       |       |       |       |     2 ||     2
         Petrifying        |       |       |       |       |       |       |       |       |     1 ||     1
         Invisible         |       |       |       |       |       |       |       |       |    15 ||    15
 Armour: Skin              |     3 |       |     2 |     4 |     8 |     4 |       |    12 |   125 ||   158
  Dodge: Dodged            |    38 |    54 |    85 |   125 |   234 |   269 |   207 |   445 |  4696 ||  6153
   Form: Dragon            |       |       |       |       |       |       |       |     1 |     4 ||     5
         Maw               |       |       |       |       |       |       |       |     1 |       ||     1
         Death             |       |       |       |       |       |       |       |       |     7 ||     7
                           |       |       |       |       |       |       |       |       |     2 ||     2

Table legend: (Time is in decaauts)
 A = Elapsed time spent in this place.
 B = Non-inter-level travel time spent in this place.
 C = Inter-level travel time spent in this place.
 D = Time resting spent in this place.
 E = Time spent auto-exploring this place.
 F = Levels seen in this place.
 G = Mean time per level.
                   A        B        C        D        E       F      G
               +--------+--------+--------+--------+--------+-----+--------+
         Total | 128323 | 121871 |   6452 |  24130 |  62039 | 103 | 1245.9 |
       Dungeon |  22484 |  20046 |   2438 |   3580 |  10585 |  15 | 1498.9 |
        Temple |      5 |      4 |      1 |      0 |      0 |   1 |    5.0 |
          Lair |   7837 |   7125 |    712 |   1332 |   3812 |   5 | 1567.4 |
         Swamp |   3465 |   3351 |    114 |    627 |   1741 |   4 |  866.2 |
     Snake Pit |   6398 |   6273 |    125 |   1875 |   2745 |   4 | 1599.5 |
    Slime Pits |   5914 |   5590 |    324 |   2894 |   1540 |   5 | 1182.8 |
  Orcish Mines |   2102 |   1765 |    337 |    253 |    957 |   2 | 1051.0 |
   Elven Halls |   5348 |   5205 |    143 |   1020 |   3021 |   3 | 1782.7 |
        Vaults |   9864 |   8748 |   1116 |   1489 |   4488 |   5 | 1972.8 |
         Crypt |   4567 |   3928 |    639 |    528 |   2318 |   3 | 1522.3 |
          Tomb |   3125 |   2964 |    161 |    658 |    691 |   3 | 1041.7 |
        Depths |   9031 |   8713 |    318 |   3459 |   3387 |   4 | 2257.8 |
          Hell |   1072 |   1072 |      0 |    340 |    394 |   1 | 1072.0 |
      Tartarus |    763 |    745 |     18 |      9 |    361 |   5 |  152.6 |
         Abyss |   5106 |   5106 |      0 |    627 |   1686 |  19 |  268.7 |
   Pandemonium |  40789 |  40789 |      0 |   5325 |  24190 |  23 | 1773.4 |
      Gauntlet |    447 |    447 |      0 |    108 |    118 |   1 |  447.0 |
               +--------+--------+--------+--------+--------+-----+--------+

Top non-repeatable levels by time:
Depths:1: 3501 daAuts
 Abyss:2: 2942 daAuts
     D:3: 2934 daAuts
Vaults:5: 2874 daAuts
Depths:3: 2790 daAuts
    D:10: 2539 daAuts
   Elf:2: 2440 daAuts
 Slime:5: 2415 daAuts
 Snake:3: 2199 daAuts
   Elf:3: 2109 daAuts
 Abyss:3: 2095 daAuts
 Snake:4: 2071 daAuts
  Lair:5: 2027 daAuts
Vaults:2: 1985 daAuts
     D:7: 1927 daAuts
